AoeStats
← Vagatela

African Clearing

511021089Analyzed
4v4 RM · 6h ago on Oct 3, 2026· 55m 0s· 8 players
Game mode
Random Map
Map size
Large (8 player)
Population
200
Speed
Normal
Resources
Standard
Victory
Conquest
Starting age
Dark Age
Ending age
Imperial Age
RankedLock teamsTeams togetherTeam positionsShared explorationLock speedFull tech treeHidden civsTurbo modeCheats
Victory
Defeat
🇨🇳 Magyars · China
1181
+17
🇹🇼 Turks · Taiwan
1167
+18
🇹🇼 Malians · Taiwan
1120
+20
🇹🇼 Hindustanis · Taiwan
1117
+20
🇦🇷 Romans · Argentina
1240
-20
🇦🇷 Celts · Argentina
1233
-20
🇵🇱 Danes · Poland
1183
-18
🇯🇴 Franks · Jordan
1175
-17
高大爷
13:15 Feudal Age
18:56 Castle Age
17:41 Double-Bit Axe
19:17 Fletching
19:29 Padded Archer Armor
20:13 Bow Saw
29:12 Horse Collar
31:10 Husbandry
31:26 Bloodlines
37:19 Wheelbarrow
36:30 Loom
40:40 Imperial Age
38:14 Scale Mail Armor
38:20 Scale Barding Armor
38:13 Bodkin Arrow
38:33 Leather Archer Armor
39:36 Corvinian Army
39:51 Thumb Ring
39:59 Scale Barding Armor
40:19 Ballistics
40:41 Cavalier
41:59 Chain Barding Armor
41:59 Heavy Plow
42:25 Conscription
43:15 Crop Rotation
43:52 Two-Man Saw
45:36 Hand Cart
44:47 Paladin
46:33 Gold Mining
46:18 Light Cavalry
49:02 Plate Barding Armor
49:06 Masonry
48:39 Treadmill Crane
52:15 Hussar
尿尿完要膽丹丹
12:13 Loom
16:09 Feudal Age
18:17 Arson
19:05 Bloodlines
22:19 Castle Age
20:36 Man-at-Arms
24:11 Husbandry
28:30 Forging
28:30 Treadmill Crane
30:54 Horse Collar
36:50 Double-Bit Axe
40:51 Wheelbarrow
40:02 Town Watch
43:01 Heavy Plow
47:25 Imperial Age
45:11 Hand Cart
45:37 Bow Saw
45:26 Murder Holes
45:52 Ballistics
45:42 Fortified Wall
46:23 Iron Casting
45:53 Scale Barding Armor
47:01 Town Patrol
49:10 Blast Furnace
48:31 Chain Barding Armor
48:27 Gold Mining
48:30 Stone Mining
48:56 Masonry
49:56 Gold Shaft Mining
50:33 Two-Man Saw
50:13 Conscription
49:27 Heavy Camel Rider
50:26 Thumb Ring
55:56 Hoardings
54:52 Sappers
習包子小學生
6:16 Loom
14:54 Feudal Age
16:08 Double-Bit Axe
21:30 Castle Age
19:52 Horse Collar
22:35 Forging
26:10 Bow Saw
31:22 Imperial Age
30:31 Masonry
35:18 Fletching
47:10 Heavy Camel Rider
50:01 Wheelbarrow
51:01 Heavy Plow
53:00 Two-Man Saw
53:36 Hand Cart
53:39 Imperial Camel Rider
54:47 Gold Mining
脫光看大街
15:24 Feudal Age
17:35 Double-Bit Axe
20:02 Castle Age
17:59 Horse Collar
19:13 Stone Mining
19:15 Gold Mining
21:35 Stone Shaft Mining
23:45 Heavy Plow
24:08 Scale Mail Armor
24:38 Loom
26:38 Gold Shaft Mining
27:45 Treadmill Crane
29:25 Forging
31:05 Wheelbarrow
32:43 Iron Casting
33:05 Chain Mail Armor
33:44 Tigui
35:18 Bow Saw
38:48 Imperial Age
38:44 Squires
38:29 Arson
39:50 Elite Gbeto
41:01 Plate Mail Armor
40:42 Fletching
40:58 Scale Barding Armor
40:53 Padded Archer Armor
41:39 Scale Barding Armor
42:09 Hand Cart
41:27 Cavalier
42:17 Bloodlines
42:08 Husbandry
42:19 Bodkin Arrow
43:09 Ballistics
42:45 Murder Holes
43:33 Leather Archer Armor
46:10 Chain Barding Armor
45:53 Husbandry
47:27 Ring Archer Armor
50:27 Crop Rotation
51:03 Farimba
52:21 Caravan
52:32 Town Watch
54:48 Plate Barding Armor
Lokietek
14:38 Feudal Age
16:05 Wheelbarrow
18:03 Loom
21:46 Castle Age
20:25 Scale Mail Armor
20:50 Horse Collar
21:02 Horse Collar
21:14 Double-Bit Axe
22:51 Bow Saw
22:33 Town Watch
23:05 Hand Cart
25:26 Forging
25:32 Stone Mining
28:44 Squires
30:26 Gold Mining
31:56 Gold Shaft Mining
31:29 Heavy Plow
31:18 Gambesons
31:49 Chain Mail Armor
34:59 Iron Casting
35:43 Hamask
37:02 Ballistics
36:52 Masonry
37:32 Arson
42:17 Imperial Age
42:18 Heavy Scorpion
43:30 Plate Mail Armor
42:27 Elite Varangian Guard
45:08 Blast Furnace
44:31 Conscription
43:35 Capped Ram
46:31 Siege Engineers
47:27 Chemistry
46:18 Fletching
49:04 Siege Ram
52:03 Northmen's Fury
Koko
14:41 Feudal Age
22:13 Castle Age
29:37 Double-Bit Axe
DiegoArmando
4:47 Loom
14:01 Feudal Age
15:21 Double-Bit Axe
20:20 Castle Age
21:06 Town Watch
21:57 Wheelbarrow
21:34 Bow Saw
28:22 Imperial Age
29:01 Capped Ram
30:10 Ballistics
33:10 Siege Ram
41:28 Heavy Scorpion
45:06 Chemistry
46:24 Ballistas
52:08 Fletching
54:12 Conscription
Vagatela
7:13 Loom
14:52 Feudal Age
15:24 Double-Bit Axe
16:37 Wheelbarrow
15:48 Horse Collar
18:53 Man-at-Arms
25:54 Castle Age
24:36 Scale Mail Armor
25:33 Forging
26:17 Pikeman
26:17 Long Swordsman
27:47 Fletching
29:38 Chain Mail Armor
30:39 Long Swordsman
31:05 Gambesons
32:43 Iron Casting
40:02 Arson
44:57 Bodkin Arrow
48:42 Imperial Age
Connection lost

Rejoining the realm…

Still unreachable

The connection could not be restored.

Session expired

The server has moved on; the page needs a fresh start.